[Event "41st Arco Open 2019"]
[Site "Arco"]
[Date "2019.10.07"]
[Round "4"]
[White "Horvath, Csaba"]
[Black "Schroeder, Wilfried"]
[Result "1-0"]
[ECO "A13"]
[WhiteElo "2503"]
[BlackElo "2195"]
[Annotator "ChessBase"]
[PlyCount "79"]
[EventDate "2019.10.04"]
[EventType "swiss"]
[EventCountry "ITA"]
[SourceTitle "playchess.com"]
[Source "ChessBase"]
[SourceQuality "1"]
[TimeControl "40/5400+30:1800+30"]

1. c4 e6 2. Nf3 d5 3. g3 Nf6 4. Bg2 dxc4 5. Qa4+ c6 6. Qxc4 b5 7. Qb3 Bb7 8. O-O Nbd7 9. d4 Qb6 10. Nc3 b4 11. Na4 Qb5 12. Bg5 c5 13. dxc5 Nxc5 14. Nxc5 Bxc5 15. Bxf6 gxf6 16. Rac1 O-O 17. a4 Qb6 18. Nd2 Bxg2 19. Kxg2 Be7 20. Qf3 Rac8 21. Nc4 Qc5 22. Rfd1 Rfd8 23. b3 Kg7 24. h4 Rxd1 25. Rxd1 Rd8 26. Rxd8 Bxd8 27. Qb7 f5 28. Qd7 Bc7 29. e3 Kf6 30. Kf1 Kg7 31. Ke2 Kf6 32. Kd3 e5 33. Ke2 e4 34. g4 fxg4 35. Nd2 Qc2 36. Qxg4 Ke5 37. Qf4+ Kd5 38. Qxf7+ Ke5 39. Qxh7 Kd5 40. Qf7+ 1-0

[Event "41st Arco Open 2019"]
[Site "Arco"]
[Date "2019.10.07"]
[Round "4"]
[White "Okhotnik, Vladimir"]
[Black "Palczert, Matyas"]
[Result "0-1"]
[ECO "B22"]
[WhiteElo "2352"]
[BlackElo "2009"]
[Annotator "ChessBase"]
[PlyCount "162"]
[EventDate "2019.10.04"]
[EventType "swiss"]
[EventCountry "ITA"]
[SourceTitle "playchess.com"]
[Source "ChessBase"]
[SourceQuality "1"]
[TimeControl "40/5400+30:1800+30"]

1. e4 c5 2. c3 Nf6 3. e5 Nd5 4. Nf3 Nc6 5. d4 cxd4 6. cxd4 d6 7. Bc4 Nb6 8. Bb5 dxe5 9. Nxe5 Bd7 10. Nc3 Nxe5 11. dxe5 Bxb5 12. Qxd8+ Rxd8 13. Nxb5 a6 14. Nc3 e6 15. Ke2 Bb4 16. Ne4 O-O 17. a3 Be7 18. Bd2 Na4 19. b4 Rd5 20. f4 Rd4 21. Nf2 Rfd8 22. Ra2 Rc8 23. Kf3 b5 24. Rc1 Rxc1 25. Bxc1 Rc4 26. Bd2 Nb6 27. Ne4 Rc8 28. Be3 Nc4 29. Bc5 Kf8 30. Nd6 Bxd6 31. exd6 Ke8 32. a4 bxa4 33. Rxa4 a5 34. bxa5 Nb2 35. d7+ Kxd7 36. Rd4+ Ke8 37. Bb4 Na4 38. Bd2 Nc3 39. Rb4 Nd5 40. Rb7 Rc2 41. a6 Rxd2 42. a7 Rd3+ 43. Ke4 Re3+ 44. Kd4 Ra3 45. Rb8+ Ke7 46. a8=Q Rxa8 47. Rxa8 Nxf4 48. g3 Ng6 49. h4 Kf6 50. Ra5 Ne7 51. Ke4 Nf5 52. Kf4 g6 53. Ra3 h5 54. Rf3 e5+ 55. Ke4 Ke6 56. Ra3 Nd6+ 57. Kf3 Nb5 58. Ra8 Kf5 59. Rc8 Nd4+ 60. Kf2 f6 61. Rg8 e4 62. Rc8 Nf3 63. Rc5+ Ne5 64. Ra5 Kg4 65. Ra6 e3+ 66. Kxe3 Kxg3 67. Ra1 Ng4+ 68. Ke2 Kxh4 69. Kf3 Kg5 70. Ra5+ f5 71. Rb5 Nf6 72. Rb1 h4 73. Rb8 Nh5 74. Rb1 h3 75. Rg1+ Kh4 76. Kf2 h2 77. Ra1 Ng3 78. Ra4+ Kh3 79. Ra3 f4 80. Ra5 h1=Q 81. Rh5+ Nxh5 0-1

[Event "41st Arco Open 2019"]
[Site "Arco"]
[Date "2019.10.07"]
[Round "4"]
[White "Favaloro, Andrea"]
[Black "Leutwyler, Martin"]
[Result "1-0"]
[ECO "B11"]
[WhiteElo "2338"]
[BlackElo "2154"]
[Annotator "ChessBase"]
[PlyCount "79"]
[EventDate "2019.10.04"]
[EventType "swiss"]
[EventCountry "ITA"]
[SourceTitle "playchess.com"]
[Source "ChessBase"]
[SourceQuality "1"]
[TimeControl "40/5400+30:1800+30"]

1. e4 c6 2. Nf3 d5 3. Nc3 Bg4 4. h3 Bxf3 5. Qxf3 e6 6. Be2 Nf6 7. O-O Bc5 8. Rd1 Bd4 9. exd5 exd5 10. Bf1 O-O 11. Ne2 Be5 12. d4 Bd6 13. Ng3 Bxg3 14. Qxg3 Ne4 15. Qb3 Qf6 16. Be3 Nd6 17. c3 Nd7 18. Bd3 Rfe8 19. Qc2 Nf8 20. Re1 Re7 21. Re2 Rae8 22. Rae1 Ng6 23. Bc1 Rxe2 24. Rxe2 Rxe2 25. Bxe2 Nf4 26. Bf1 Qg6 27. Qxg6 Nxg6 28. Bd3 Kf8 29. f3 Ke7 30. Kf2 Nf8 31. Bg5+ Ke6 32. g4 g6 33. Bf4 Nd7 34. Kg3 f6 35. Bc1 Nf7 36. h4 Nf8 37. b3 Nd7 38. Ba3 b6 39. h5 gxh5 40. Bf5# 1-0

[Event "41st Arco Open 2019"]
[Site "Arco"]
[Date "2019.10.07"]
[Round "4"]
[White "Qendro, Llambi"]
[Black "Wernet, Andreas"]
[Result "1-0"]
[ECO "A87"]
[WhiteElo "2312"]
[BlackElo "1990"]
[Annotator "ChessBase"]
[PlyCount "23"]
[EventDate "2019.10.04"]
[EventType "swiss"]
[EventCountry "ITA"]
[SourceTitle "playchess.com"]
[Source "ChessBase"]
[SourceQuality "1"]
[TimeControl "40/5400+30:1800+30"]

1. d4 f5 2. Nf3 g6 3. g3 Nf6 4. Bg2 Bg7 5. O-O O-O 6. c4 d6 7. Nc3 Qe8 8. Re1 e5 9. dxe5 dxe5 10. e4 Nh5 11. exf5 gxf5 12. Nxe5 1-0

[Event "41st Arco Open 2019"]
[Site "Arco"]
[Date "2019.10.07"]
[Round "4"]
[White "Welling, Gerard"]
[Black "Heidel, Andre Nicolas"]
[Result "0-1"]
[ECO "D94"]
[WhiteElo "2302"]
[BlackElo "2140"]
[Annotator "ChessBase"]
[PlyCount "46"]
[EventDate "2019.10.04"]
[EventType "swiss"]
[EventCountry "ITA"]
[SourceTitle "playchess.com"]
[Source "ChessBase"]
[SourceQuality "1"]
[TimeControl "40/5400+30:1800+30"]

1. e3 d5 2. c4 Nf6 3. Nf3 g6 4. d4 Bg7 5. Nc3 O-O 6. Bd2 c5 7. dxc5 Na6 8. cxd5 Nxc5 9. Bc4 a6 10. b4 Nce4 11. Nxe4 Nxe4 12. Rc1 b5 13. Bb3 Bb7 14. Qc2 Bxd5 15. Bxd5 Qxd5 16. O-O Qe6 17. Rfd1 Rac8 18. Qb1 Rc4 19. Be1 Rfc8 20. a3 Bc3 21. Rd3 Qf5 22. Nd4 Bxe1 23. Nxf5 Bxf2+ 0-1

[Event "41st Arco Open 2019"]
[Site "Arco"]
[Date "2019.10.07"]
[Round "4"]
[White "Zwahr, Paul"]
[Black "zum Felde, Michael"]
[Result "1-0"]
[ECO "B33"]
[WhiteElo "2282"]
[BlackElo "2139"]
[Annotator "ChessBase"]
[PlyCount "39"]
[EventDate "2019.10.04"]
[EventType "swiss"]
[EventCountry "ITA"]
[SourceTitle "playchess.com"]
[Source "ChessBase"]
[SourceQuality "1"]
[TimeControl "40/5400+30:1800+30"]

1. e4 c5 2. Nf3 Nc6 3. d4 cxd4 4. Nxd4 Nf6 5. Nc3 e5 6. Ndb5 d6 7. Bg5 Be7 8. Bxf6 gxf6 9. Nd5 Rb8 10. Nbc7+ Kf8 11. Qh5 Kg7 12. O-O-O f5 13. exf5 Nd4 14. Nxe7 Qxc7 15. Qg5+ Kf8 16. Rxd4 exd4 17. Nd5 Qa5 18. Qh6+ Ke8 19. Bb5+ Bd7 20. Qxd6 1-0

[Event "41st Arco Open 2019"]
[Site "Arco"]
[Date "2019.10.07"]
[Round "4"]
[White "Curien, Nicolas"]
[Black "Valet, Richard"]
[Result "1/2-1/2"]
[ECO "D00"]
[WhiteElo "2261"]
[BlackElo "1987"]
[Annotator "ChessBase"]
[PlyCount "69"]
[EventDate "2019.10.04"]
[EventType "swiss"]
[EventCountry "ITA"]
[SourceTitle "playchess.com"]
[Source "ChessBase"]
[SourceQuality "1"]
[TimeControl "40/5400+30:1800+30"]

1. d4 Nf6 2. Nc3 d5 3. Bf4 g6 4. e3 Bg7 5. h4 h5 6. Nb5 Na6 7. Nf3 Bg4 8. Bd3 Ne4 9. Nc3 Nxc3 10. bxc3 c5 11. Bb5+ Bd7 12. Bxd7+ Qxd7 13. O-O Rc8 14. Qb1 f6 15. a4 cxd4 16. cxd4 Nb8 17. c4 dxc4 18. Qxg6+ Kf8 19. Rfc1 Qg4 20. Qb1 e5 21. dxe5 fxe5 22. Bxe5 Rg8 23. Qb4+ Ke8 24. Qb5+ Nd7 25. Bxg7 Rxg7 26. Ng5 b6 27. g3 Rc5 28. Qb2 Ne5 29. Kf1 Rxg5 30. hxg5 Qf3 31. Qd4 Qh1+ 32. Ke2 Qf3+ 33. Kf1 Qh1+ 34. Ke2 Qf3+ 35. Ke1 1/2-1/2

[Event "41st Arco Open 2019"]
[Site "Arco"]
[Date "2019.10.07"]
[Round "4"]
[White "Scheftlein, Richard"]
[Black "Voelker, Sebastian"]
[Result "1/2-1/2"]
[ECO "D07"]
[WhiteElo "2236"]
[BlackElo "2074"]
[Annotator "ChessBase"]
[PlyCount "116"]
[EventDate "2019.10.04"]
[EventType "swiss"]
[EventCountry "ITA"]
[SourceTitle "playchess.com"]
[Source "ChessBase"]
[SourceQuality "1"]
[TimeControl "40/5400+30:1800+30"]

1. d4 d5 2. c4 Nc6 3. Nc3 dxc4 4. d5 Ne5 5. Bf4 Ng6 6. Bg3 e5 7. Nf3 Bd6 8. e4 Nf6 9. Nd2 a6 10. Nxc4 b5 11. Nxd6+ Qxd6 12. Bd3 O-O 13. O-O Bb7 14. Qe2 Rfe8 15. Rfd1 Rad8 16. Rac1 Qb6 17. a4 b4 18. Nb1 Nf4 19. Bxf4 exf4 20. Qf3 Nd7 21. Qxf4 Ne5 22. Be2 c6 23. dxc6 Bxc6 24. Rxd8 Qxd8 25. Nd2 Bxa4 26. Bxa6 Qa8 27. Be2 Bc6 28. Qe3 Ng6 29. f3 Bd7 30. Bc4 Ne5 31. Bd5 Qa6 32. Nc4 Qf6 33. Nxe5 Qxe5 34. Qb3 Qd4+ 35. Kh1 Be6 36. Bxe6 fxe6 37. h3 h6 38. Rd1 Qc5 39. Qd3 Rc8 40. Qd4 Qc2 41. Ra1 b3 42. Qe5 Rc5 43. Qxe6+ Kh7 44. e5 Rc6 45. Qd5 Qxb2 46. Qe4+ Rg6 47. Rg1 Qc2 48. Qxc2 bxc2 49. Rc1 Rc6 50. f4 Rc3 51. Kh2 h5 52. g4 h4 53. f5 g5 54. e6 Kg7 55. e7 Kf7 56. f6 Rc8 57. Kg1 Rc6 58. Kg2 Re6 1/2-1/2

[Event "41st Arco Open 2019"]
[Site "Arco"]
[Date "2019.10.07"]
[Round "4"]
[White "Vezzosi, Paolo"]
[Black "Sarkar, Justin"]
[Result "1/2-1/2"]
[ECO "A25"]
[WhiteElo "2235"]
[BlackElo "2350"]
[Annotator "ChessBase"]
[PlyCount "87"]
[EventDate "2019.10.04"]
[EventType "swiss"]
[EventCountry "ITA"]
[SourceTitle "playchess.com"]
[Source "ChessBase"]
[SourceQuality "1"]
[TimeControl "40/5400+30:1800+30"]

1. c4 e5 2. Nc3 Nc6 3. g3 g6 4. Bg2 Bg7 5. e3 d6 6. Nge2 h5 7. Nd5 h4 8. d3 Nce7 9. Bd2 c6 10. Nxe7 Nxe7 11. Nc3 Be6 12. Qa4 Qd7 13. Ne4 h3 14. Bf3 f5 15. Nc3 d5 16. cxd5 cxd5 17. O-O Qxa4 18. Nxa4 b6 19. Rac1 Kd7 20. Rc2 Rac8 21. Rfc1 Rxc2 22. Rxc2 g5 23. b3 g4 24. Be2 d4 25. e4 Nc8 26. f3 gxf3 27. Bxf3 Nd6 28. exf5 Bxf5 29. Nb2 e4 30. dxe4 Nxe4 31. Bf4 Nc3 32. Rd2 Nxa2 33. Nd3 Nc3 34. Be5 Bxe5 35. Nxe5+ Ke6 36. Nc6 Nb5 37. g4 Bg6 38. Nxd4+ Nxd4 39. Rxd4 Rc8 40. Kf2 Rc3 41. b4 Ke5 42. Rd5+ Kf4 43. Rd4+ Ke5 44. Rd5+ 1/2-1/2

[Event "41st Arco Open 2019"]
[Site "Arco"]
[Date "2019.10.07"]
[Round "4"]
[White "Kuhn, Tobias"]
[Black "Beulertz, Stefan"]
[Result "1-0"]
[ECO "A87"]
[WhiteElo "2234"]
[BlackElo "2035"]
[Annotator "ChessBase"]
[PlyCount "49"]
[EventDate "2019.10.04"]
[EventType "swiss"]
[EventCountry "ITA"]
[SourceTitle "playchess.com"]
[Source "ChessBase"]
[SourceQuality "1"]
[TimeControl "40/5400+30:1800+30"]

1. Nf3 f5 2. g3 Nf6 3. Bg2 d6 4. d4 g6 5. O-O Bg7 6. b3 O-O 7. Bb2 c6 8. c4 Qc7 9. Nbd2 a5 10. Qc2 Na6 11. a3 Nh5 12. e4 f4 13. e5 Bf5 14. Qc3 dxe5 15. Nxe5 c5 16. d5 Nb8 17. Rfe1 Nd7 18. Ndf3 Bg4 19. Qd2 Bxf3 20. Nxf3 Ndf6 21. Ng5 fxg3 22. fxg3 Bh6 23. Bh3 Nxg3 24. Be5 Bxg5 25. Qxg5 1-0

[Event "41st Arco Open 2019"]
[Site "Arco"]
[Date "2019.10.07"]
[Round "4"]
[White "Felgendreher, Heiko"]
[Black "Cardarelli, Angelo"]
[Result "1-0"]
[ECO "B82"]
[WhiteElo "2196"]
[BlackElo "2014"]
[Annotator "ChessBase"]
[PlyCount "135"]
[EventDate "2019.10.04"]
[EventType "swiss"]
[EventCountry "ITA"]
[SourceTitle "playchess.com"]
[Source "ChessBase"]
[SourceQuality "1"]
[TimeControl "40/5400+30:1800+30"]

1. e4 c5 2. Nf3 e6 3. d4 cxd4 4. Nxd4 a6 5. Nc3 Qc7 6. Bd3 Nf6 7. O-O Be7 8. Kh1 d6 9. f4 Nbd7 10. a4 Nc5 11. Bd2 Bd7 12. b4 Nxd3 13. cxd3 b6 14. Qe2 g6 15. Rac1 Qb7 16. b5 O-O 17. f5 exf5 18. Nc6 Rfe8 19. Nxe7+ Rxe7 20. Bg5 Re6 21. Bxf6 Rxf6 22. Nd5 Re6 23. Qb2 fxe4 24. dxe4 Rc8 25. Qf2 Be8 26. Rxc8 Qxc8 27. bxa6 Re5 28. a7 f5 29. Qxb6 Qc6 30. Qd8 Qa6 31. Rc1 Qxa7 32. Nf6+ Kf8 33. Rc7 Qd4 34. h3 Rxe4 35. Nxe4 Qa1+ 36. Kh2 Qe5+ 37. Ng3 h5 38. Qg5 h4 39. Qh6+ Kg8 40. Qh7+ Kf8 41. Qxh4 f4 42. Ne4 f3+ 43. Kg1 Qd4+ 44. Qf2 Qxe4 45. Qxf3+ Qxf3 46. gxf3 Bxa4 47. Kf2 Ke8 48. Rg7 Bc2 49. h4 Bf5 50. Ke3 Kf8 51. Ra7 Ke8 52. Kf4 Bd3 53. Kg5 Bc2 54. Kf6 d5 55. Ke5 Bd1 56. Ke6 Kd8 57. Ra3 Bc2 58. Ra8+ Kc7 59. Kxd5 Bd1 60. Rf8 Kd7 61. Rf7+ Ke8 62. Rf6 Ke7 63. Ke5 Be2 64. f4 Bh5 65. Ra6 Kf7 66. Ra7+ Kg8 67. Kf6 Kh8 68. Kg5 1-0

[Event "41st Arco Open 2019"]
[Site "Arco"]
[Date "2019.10.07"]
[Round "4"]
[White "Medancic, Rikard"]
[Black "Oppici, Gabriele"]
[Result "1-0"]
[ECO "B07"]
[WhiteElo "2146"]
[BlackElo "1942"]
[Annotator "ChessBase"]
[PlyCount "99"]
[EventDate "2019.10.04"]
[EventType "swiss"]
[EventCountry "ITA"]
[SourceTitle "playchess.com"]
[Source "ChessBase"]
[SourceQuality "1"]
[TimeControl "40/5400+30:1800+30"]

1. d4 d6 2. e4 Nf6 3. Nc3 Nbd7 4. d5 g6 5. Bg5 Bg7 6. Qd2 a6 7. Bh6 O-O 8. f3 e6 9. dxe6 fxe6 10. O-O-O Ne5 11. Bxg7 Kxg7 12. f4 Nc6 13. Nf3 Qe7 14. Bd3 b5 15. Rhe1 e5 16. Nd5 Qd8 17. Qc3 Bb7 18. fxe5 dxe5 19. Nxe5 Nxd5 20. exd5 Nxe5 21. Rxe5 Kg8 22. Be4 Qd6 23. Bf3 Rae8 24. Rde1 Rxe5 25. Rxe5 Bc8 26. h4 Bf5 27. Qe3 Qb4 28. b3 Qxh4 29. Re7 Rf7 30. d6 Kf8 31. Rxf7+ Kxf7 32. dxc7 Qf6 33. Qc5 Bc8 34. Qd5+ Kg7 35. Qd8 Qe6 36. Bd5 Qe1+ 37. Kb2 Qe5+ 38. Ka3 Qf5 39. Qe7+ Kh6 40. Bg8 g5 41. Bxh7 Qxh7 42. Qf8+ Kh5 43. Qxc8 Qe7+ 44. Kb2 Qe5+ 45. c3 Qe2+ 46. Ka3 Qe7+ 47. b4 Qe1 48. Qh3+ Kg6 49. Qd3+ Kh6 50. c8=Q 1-0

[Event "41st Arco Open 2019"]
[Site "Arco"]
[Date "2019.10.07"]
[Round "4"]
[White "Perman, Sergey"]
[Black "Sedina, Elena"]
[Result "0-1"]
[ECO "C17"]
[WhiteElo "2129"]
[BlackElo "2294"]
[Annotator "ChessBase"]
[PlyCount "142"]
[EventDate "2019.10.04"]
[EventType "swiss"]
[EventCountry "ITA"]
[SourceTitle "playchess.com"]
[Source "ChessBase"]
[SourceQuality "1"]
[TimeControl "40/5400+30:1800+30"]

1. e4 e6 2. d4 d5 3. Nc3 Bb4 4. e5 c5 5. Bd2 Ne7 6. Nb5 Bxd2+ 7. Qxd2 O-O 8. dxc5 Bd7 9. Nd4 Ng6 10. Ngf3 Qc7 11. Qg5 f6 12. exf6 Rxf6 13. Bd3 h6 14. Qe3 e5 15. Bxg6 exd4 16. Qd3 Na6 17. Nh4 Nxc5 18. Qg3 Re6+ 19. Kf1 Bb5+ 20. Kg1 Qxg3 21. hxg3 d3 22. a4 dxc2 23. Bxc2 Bd3 24. Bd1 Re1+ 25. Kh2 Rae8 26. Rxe1 Rxe1 27. Nf3 Rf1 28. Rc1 Ne4 29. Rc8+ Kh7 30. Bb3 Nxf2 31. g4 Nxg4+ 32. Kg3 Nf6 33. Bc2 Ne4+ 34. Kf4 Bxc2 35. Rxc2 Ra1 36. b3 Rb1 37. Nd4 b6 38. Rc7 Nc5 39. Rxa7 Re1 40. Nf5 Ne6+ 41. Kg3 Re5 42. Nh4 Re3+ 43. Kf2 Rxb3 44. Re7 Nc5 45. Nf5 Kg6 46. g4 Kf6 47. Rxg7 Ne4+ 48. Kg2 Rb2+ 49. Kg1 Rb1+ 50. Kg2 Rb2+ 51. Kg1 Nd6 52. Rd7 Nxf5 53. gxf5 Rd2 54. Rd6+ Kxf5 55. Rxb6 h5 56. a5 Ra2 57. a6 Ke4 58. Rh6 d4 59. Rxh5 Rxa6 60. Kf2 Kd3 61. Ke1 Ra1+ 62. Kf2 Kd2 63. Rh8 d3 64. Rf8 Kc2 65. Rc8+ Kd1 66. Rg8 Ra7 67. Ke3 d2 68. Kf2 Rf7+ 69. Ke3 Re7+ 70. Kf2 Rd7 71. Rh8 Kc2 0-1

[Event "41st Arco Open 2019"]
[Site "Arco"]
[Date "2019.10.07"]
[Round "4"]
[White "Geisshirt, Marco"]
[Black "Horvath, Jozsef"]
[Result "0-1"]
[ECO "A04"]
[WhiteElo "2025"]
[BlackElo "2450"]
[Annotator "ChessBase"]
[PlyCount "50"]
[EventDate "2019.10.04"]
[EventType "swiss"]
[EventCountry "ITA"]
[SourceTitle "playchess.com"]
[Source "ChessBase"]
[SourceQuality "1"]
[TimeControl "40/5400+30:1800+30"]

1. g3 g6 2. Bg2 Bg7 3. Nf3 d6 4. O-O e5 5. e4 Nc6 6. c3 Nge7 7. d4 exd4 8. cxd4 Bg4 9. Be3 Qd7 10. Qd2 O-O 11. Nc3 f5 12. d5 Na5 13. b3 fxe4 14. Nd4 c5 15. Nde2 b6 16. Rae1 Bf3 17. Nxe4 Bxg2 18. Kxg2 Qf5 19. N2c3 Qf3+ 20. Kg1 Nb7 21. Ng5 Bxc3 22. Qxc3 Qxd5 23. Bf4 Nf5 24. Rd1 Nd4 25. Be3 Ne2# 0-1

[Event "41st Arco Open 2019"]
[Site "Arco"]
[Date "2019.10.07"]
[Round "4"]
[White "von Wantoch, Markus"]
[Black "Glienke, Manfred"]
[Result "1/2-1/2"]
[ECO "B02"]
[WhiteElo "1972"]
[BlackElo "2235"]
[Annotator "ChessBase"]
[PlyCount "152"]
[EventDate "2019.10.04"]
[EventType "swiss"]
[EventCountry "ITA"]
[SourceTitle "playchess.com"]
[Source "ChessBase"]
[SourceQuality "1"]
[TimeControl "40/5400+30:1800+30"]

1. e4 Nf6 2. Nc3 d5 3. exd5 Nxd5 4. Bc4 e6 5. Qf3 Nf6 6. Nge2 Nc6 7. Bb5 Bd7 8. O-O a6 9. Ba4 b5 10. Bb3 Ne5 11. Qg3 Bd6 12. d4 Ng6 13. Qf3 O-O 14. Bg5 h6 15. Bxf6 Qxf6 16. Qxf6 gxf6 17. Ne4 Be7 18. f4 f5 19. Nc5 Bc6 20. c3 Rfd8 21. Rad1 Nh4 22. Rf2 a5 23. Nd3 a4 24. Bc2 a3 25. b3 Be4 26. Ng3 Bxd3 27. Rxd3 c5 28. Rfd2 cxd4 29. cxd4 Bb4 30. Rd1 Rac8 31. Bb1 Ng6 32. Ne2 Ne7 33. Rg3+ Kf8 34. Rh3 Kg7 35. Rg3+ Kf6 36. Rh3 Rh8 37. Rc1 Rxc1+ 38. Nxc1 Nd5 39. Ne2 Bd2 40. Bd3 b4 41. Rf3 Rc8 42. Bb1 Bc3 43. Kf2 Bb2 44. Rh3 Ke7 45. Rf3 Nf6 46. Ke1 Bxd4 47. Nxd4 Rc1+ 48. Ke2 Rxb1 49. Nc6+ Kf8 50. Nxb4 Rb2+ 51. Kf1 Ne4 52. Rh3 h5 53. Rxh5 Nd2+ 54. Kg1 Nxb3 55. axb3 Rxb3 56. Nc2 Rb1+ 57. Kf2 Rb2 58. Rh8+ Kg7 59. Ra8 Rxc2+ 60. Kf3 a2 61. Kg3 f6 62. Ra7+ Kg6 63. Ra8 e5 64. fxe5 fxe5 65. Ra6+ Kg5 66. Ra8 e4 67. h4+ Kf6 68. Ra6+ Ke5 69. Ra5+ Kd4 70. h5 Kc3 71. h6 Kb2 72. Rb5+ Kc1 73. Ra5 e3 74. h7 e2 75. Kf2 Kd1 76. h8=Q e1=Q+ 1/2-1/2